 Dungeon Crawl Stone Soup version 0.31-a0-271-gb88eb75e06 (webtiles) character file.

Game seed: 7492165275959734171

138 Turgor the Changeling (level 4, -3/37 HPs)
             Began as a Demigod Shapeshifter on July 14, 2023.
             Slain by Duvessa
             ... wielding a +5 short sword of protection
              (10 damage)
             ... on level 4 of the Dungeon.
             The game lasted 00:11:41 (2498 turns).

Turgor the Changeling (Demigod Shapeshifter)        Turns: 2498, Time: 00:11:42

Health: -3/37      AC:  7    Str: 20    XL:     4   Next: 70%
Magic:  0/6        EV: 11    Int: 10    God:
Gold:   133        SH:  0    Dex: 14    Spells: 3/3 levels left

rFire   + .          .
                       - Unarmed
rCold   + . .        (no shield)
rNeg    . . .        f - +2 ring mail {rF+}
rPois   .            (helmet currently unavailable)
rElec   .            (cloak currently unavailable)
rCorr   .            (gloves currently unavailable)
SInv    .            (boots currently unavailable)
Will    .....        d - amulet "Raziwoep" {Spirit rC+ Slay+2} Stlth
                     (no ring)
HPRegen 0.26/turn    (no ring)
MPRegen 0.10/turn

%: guardian spirit
@: beast-form, silenced, hasted, very quick
A: beast (slay +2), high MP 1, forlorn, divine attributes
a: Begin Untransformation


You were on level 4 of the Dungeon.
You were a hulking beast.
You visited 1 branch of the dungeon, and saw 4 of its levels.

You collected 133 gold pieces.

Inventory:

Hand Weapons
 k - a +2 vampiric short sword
Armour
 a - a +0 animal skin
 f - a +2 ring mail of fire resistance (worn)
 h - a +0 pair of gloves
Jewellery
 d - the amulet "Raziwoep" (around neck) {Spirit rC+ Slay+2}
   (You found it on level 2 of the Dungeon)

   [amulet of guardian spirit]

   It causes incoming damage to be divided between your reserves of health and
   magic.
   Slay:      It affects your accuracy & damage with ranged weapons and melee
   (+2).
   rC:        It protects you from cold.
Talismans
 c - a beast talisman
Scrolls
 g - a scroll of fog
 n - a scroll of fear {unknown}
 o - a scroll of acquirement {unknown}
 q - 2 scrolls of poison {unknown}
 r - 2 scrolls of identify {unknown}
 t - a scroll of blinking {unknown}
Potions
 b - 2 potions of heal wounds
 l - a potion of cancellation {unknown}
 p - a potion of mutation {unknown}
 s - a potion of curing


   Skills:
 + Level 2.4 Fighting
 - Level 2.2 Dodging
 * Level 3.1 Unarmed Combat
 * Level 3.5 Shapeshifting


You had 3 spell levels left.
You didn't know any spells.
Your spell library was empty.

Dungeon Overview and Level Annotations

Branches:
Dungeon (4/15)
 Temple: D:4-7

Annotations:
D:2 Natasha
D:4 Dowan, Duvessa


Innate Abilities, Weirdness & Mutations

You are a hulking beast.
Your limbs bulge with bestial killing power. (Slay +2)
You have an increased reservoir of magic. (+10% MP)
You shall have no god before yourself.
Your divine heritage dramatically boosts your attributes as you level up.


Message History

As you read the scroll labelled VET NELADWEE, it crumbles to dust.
It is a scroll of enchant weapon.
Your +1 vampiric short sword glows red for a moment.
Duvessa hits you with a +5 short sword of protection!
It was a potion of heal wounds.
You feel much better.
You are no longer glowing.
Duvessa barely misses you.
Okay, then.
Duvessa hits you with a +5 short sword of protection.
Duvessa attacks as you move away! Duvessa hits you but does no damage.
Duvessa says, "When magic and the sword combine, nothing stands against them."
Duvessa hits you with a +5 short sword of protection!
There is an open door, spattered with blood here.
As you read the scroll labelled QOUVIU MANIRIA, it crumbles to dust.
A profound silence engulfs you.
It was a scroll of silence.
Duvessa barely misses you.
Magic scrolls do not work when you're silenced!
Unknown command.
Unknown command.
It was a potion of haste.
You feel yourself speed up. Duvessa completely misses you.
Duvessa attacks as you move away!
Duvessa hits you with a +5 short sword of protection!
Duvessa attacks as you move away! Duvessa closely misses you.
There is an open door here.
There is an open door here.
What are your orders?
Orders for allies: a - Attack new target. r - Retreat! s - Stop attacking. g - Guard the area. f - Follow me.
Anything else - Cancel.
Okay, then.
Unknown command.
Unknown command.
Duvessa attacks as you move away!
Duvessa hits you with a +5 short sword of protection!
* * * LOW HITPOINT WARNING * * *
You closely miss Duvessa.
Duvessa hits you with a +5 short sword of protection!
You die...

......######
###'#......###
##.######...#
##...###...#.#
#.....##'###.#####
##...##...##.....#
.##.##.....##....#
..+'#...8...#+#..##
.##.##.....##.##h.#
##...##...##...##e#
#.....##'##.....'.#
##...##...##...####
##.##.....##.##
#'#...<...#'#
##.##.....##.##
##...##...##..e####
#.....##+##....ยงยงยง#


You could see Duvessa (fast).

Vanquished Creatures
  Natasha (D:2)
  4 adders
  2 worms
  A dart slug (D:3)
  3 orcs (D:3)
  6 endoplasms
  A giant cockroach (D:3)
  8 goblins
  8 hobgoblins
  5 quokkas
  6 ball pythons
  3 bats
  12 frilled lizards
  7 kobolds
  A rat (D:1)
68 creatures vanquished.

Notes
Turn   | Place    | Note
-------+----------+-------------------------------------------
     0 | D:1      | Turgor the Demigod Shapeshifter began the quest for the
                  | Orb.
     0 | D:1      | Reached XP level 1. HP: 17/17 MP: 3/3
   187 | D:1      | Reached XP level 2. HP: 24/24 MP: 4/4
   927 | D:2      | Reached XP level 3. HP: 29/29 MP: 5/5
  1022 | D:2      | Noticed Natasha
  1043 | D:2      | Killed Natasha
  1048 | D:2      | Noticed Natasha
  1307 | D:2      | Reached XP level 4. HP: 36/36 MP: 6/6
  1377 | D:2      | Identified the amulet "Raziwoep" {Spirit rC+ Slay+2}
  2455 | D:4      | Noticed Duvessa
  2455 | D:4      | Noticed Dowan
  2498 | D:4      | Slain by Duvessa

Illustrated notes

Levels and vault maps discovered:
D:1:      dpeg_arrival_boxorama, layout_basic, minmay_lizard_pond
D:2:      layout_loops_corners, grunt_decor_mini_mirrors, dk_noncrumbling_4,
          uniq_natasha
D:3:      layout_rooms
D:4:      layout_gridville, nicolae_uskayaw_dance_hall, gammafunk_ghost_split,
          nicolae_hexahallways, minmay_rat_hole, uniq_duvessa

Skill      XL: |  1  2  3  4 |
---------------+-------------+-----
Unarmed Combat | 2 3 |  3.1
Fighting       | 2 |  2.4
Dodging        | 2 |  2.2
Shapeshifting  | 3 |  3.5

Action                     |  1- 3 |  4- 6 || total
---------------------------+-------+-------++-------
  Melee: Unarmed           |   139 |    74 ||   213
         Punch             |     2 |     1 ||     3
    Use: Potion            |     3 |     2 ||     5
         Scroll            |     1 |     4 ||     5
 Armour: Ring mail         |    46 |    27 ||    73
         Skin              |     3 |       ||     3
  Dodge: Dodged            |    82 |    28 ||   110

Table legend: (Time is in decaauts)
 A = Elapsed time spent in this place.
 B = Non-inter-level travel time spent in this place.
 C = Inter-level travel time spent in this place.
 D = Time resting spent in this place.
 E = Time spent auto-exploring this place.
 F = Levels seen in this place.
 G = Mean time per level.
                   A        B        C        D        E       F      G
               +--------+--------+--------+--------+--------+-----+--------+
         Total |   2502 |   2438 |     64 |      5 |   1460 |   4 |  625.5 |
       Dungeon |   2502 |   2438 |     64 |      5 |   1460 |   4 |  625.5 |
               +--------+--------+--------+--------+--------+-----+--------+

Top non-repeatable levels by time:
     D:1: 914 daAuts
     D:2: 856 daAuts
     D:3: 514 daAuts
     D:4: 217 daAuts
